 Dungeon Crawl Stone Soup version 0.20-a0-848-g73d9be0 (webtiles) character file.

140 Alarkh the Skirmisher (level 5, 41/41 HPs)
             Began as a Demonspawn Fighter on Mar 9, 2017.
             Quit the game on level 3 of the Dungeon.
             The game lasted 00:02:26 (3076 turns).

Alarkh the Skirmisher (Demonspawn Fighter)          Turns: 3076, Time: 00:02:27

Health: 41/41      AC:  7    Str: 16    XL:     5   Next: 2%
Magic:  5/5        EV:  7    Int: 11    God:
Gold:   191        SH:  9    Dex: 12    Spells: 4/4 levels left

rFire    . . .     SeeInvis .   a - +3 long sword
rCold    . . .     Gourm    .   b - +0 scale mail
rNeg     . . .     Faith    .   c - +0 shield
rPois    .         Spirit   .   (helmet restricted)
rElec    .         Reflect  .   (no cloak)
rCorr    .         Harm     .   (no gloves)
MR       .....                  (no boots)
Stlth    ..........             (no amulet)
Regen    0.2/turn               (no ring)
MPRegen  0.1/turn               r - +1 ring of protection

@: no status effects
A: antennae 1, powered by death 1, powered by pain 1
a: no special abilities


You were on level 3 of the Dungeon.
You were not hungry.

You visited 1 branch of the dungeon, and saw 3 of its levels.

You collected 191 gold pieces.

Inventory:

Hand Weapons
 a - a +3 long sword (weapon)
Armour
 b - a +0 scale mail (worn)
 c - a +0 shield (worn)
Jewellery
 r - a +1 ring of protection (left hand)
Scrolls
 e - a scroll of fog {unknown}
 h - a scroll of teleportation
 j - a scroll of magic mapping {unknown}
 m - a scroll of random uselessness {unknown}
 n - a scroll of immolation {unknown}
 o - a scroll of amnesia {unknown}
 q - a scroll of remove curse {unknown}
Potions
 d - 2 potions of mutation {unknown}
 l - a potion of brilliance {unknown}
 p - a potion of heal wounds {unknown}
Comestibles
 f - 2 bread rations
 g - 3 chunks of flesh
 i - 4 royal jellies
 k - a meat ration


   Skills:
 + Level 3.6 Fighting
 * Level 2.7 Long Blades
 + Level 3.3 Armour
 + Level 1.5 Dodging
 + Level 3.2 Shields


You had 4 spell levels left.
You didn't know any spells.

Dungeon Overview and Level Annotations

Branches:
Dungeon (3/15)

Altars:
Ashenzari
Cheibriados
Nemelex Xobeh
Qazlal
Trog
Xom
The Shining One

Annotations:
D:2 1 runed door


Innate Abilities, Weirdness & Mutations

You have a pair of small antennae on your head.
You regenerate a little health from kills.
You sometimes gain a little power by taking damage.


Message History

You slash the bat!
You kill the bat!
No target in view!
No target in view!
Some of the chunks of flesh in your inventory have rotted away.
Some of the chunks of flesh in your inventory have rotted away.
There is an open door here.
You open the door.
There is an open door here.
You see here a club.
Key pressed, stopping explore.
You open the door.
Some of the chunks of flesh in your inventory have rotted away.
There is an open door here.
There is an open door here.
Done exploring.
Done exploring.
No target in view!
Done exploring.
Are you sure you want to abandon this character and quit the game? (Confirm with "yes".)

# # # #######
......# .####.# .#
##.########
.###........[#####
........#...>...@#
......#.#.##.###.#
.######.#.##.# #.#
........#.##.# #.#
#########.#..# #.#
## #.#.## #.# .##
#.#.# #.# ..##
#.#.####.# ...##
###........#


There were no monsters in sight!

Vanquished Creatures
  Jessica (D:3)
  4 adders
  2 worms
  3 dart slugs
  A leopard gecko (D:2)
  6 bats
  4 giant cockroaches
  5 goblins
  8 hobgoblins
  4 jackals (D:3)
  2 quokkas
  A ball python (D:3)
  8 frilled lizards
  9 kobolds
  10 rats
68 creatures vanquished.

Notes
Turn   | Place    | Note
-------+----------+-------------------------------------------
     0 | D:1      | Alarkh the Demonspawn Fighter began the quest for the Orb.
     0 | D:1      | Reached XP level 1. HP: 18/18 MP: 1/1
   302 | D:1      | Found a bloodstained altar of Trog.
   304 | D:1      | Found a shimmering altar of Xom.
   304 | D:1      | Found a snail-covered altar of Cheibriados.
   306 | D:1      | Found a sparkling altar of Nemelex Xobeh.
   306 | D:1      | Found a shattered altar of Ashenzari.
   306 | D:1      | Found a stormy altar of Qazlal.
   354 | D:1      | Gained mutation: You regenerate a little health from kills. [demonic ancestry]
   354 | D:1      | Reached XP level 2. HP: 21/24 MP: 2/2
   872 | D:2      | Reached skill level 1 in Dodging
   872 | D:2      | Gained mutation: You sometimes gain a little power by taking damage. [demonic ancestry]
   872 | D:2      | Reached XP level 3. HP: 25/29 MP: 3/3
  1445 | D:2      | Found a runed door.
  1772 | D:3      | Reached XP level 4. HP: 13/35 MP: 4/4
  2173 | D:3      | Noticed Jessica
  2205 | D:3      | Killed Jessica
  2415 | D:3      | Found a glowing golden altar of the Shining One.
  2714 | D:3      | Found a glowing golden altar of the Shining One.
  2847 | D:3      | Gained mutation: You have a pair of small antennae on your head. [demonic ancestry]
  2847 | D:3      | Reached XP level 5. HP: 36/41 MP: 5/5
  3076 | D:3      | Quit the game

Vault maps used:
D:1:      shiori_shiawase, doesnt_xom_only_xom
D:2:      uniq_crazy_yiuf_cottage
D:3:      nicolae_overflow_crystal_walls, first_bread,
          nicolae_tso_carved_into_rock, uniq_jessica

Skill      XL: |  1  2  3 |
---------------+----------+-----
Long Blades    | 2 |  2.7
Dodging        | 1 |  1.5
Shields        | 3 |  3.2
Armour         | 3 |  3.3
Fighting       | |  3.6

Action                   |  1- 3 |  4- 6 || total
-------------------------+-------+-------++-------
Melee: Long sword        |   163 |    82 ||   245
       Unarmed           |       |    12 ||    12
  Use: Potion            |     2 |       ||     2
       Scroll            |       |     4 ||     4
  Eat: Chunk             |     3 |     4 ||     7
Armor: Scale mail        |    74 |    30 ||   104
Dodge: Dodged            |    51 |    34 ||    85
Block: Shield            |    91 |    41 ||   132
       Rpst.: Long sword |    19 |    12 ||    31
